 Dungeon Sprint DCSS version 0.30-a0-1161-g0704695555 (webtiles) character file.

Game seed: 4606284498083074532

461 sircluck the Cleaver (level 7, -17/73 HPs)
             Began as a Hill Orc Berserker on Apr 27, 2023.
             Was a Believer of Trog.
             Shot with an arrow by a centaur warrior (24 damage)
             ... in the Dungeon (Sprint I: "Red Sonja").
             The game lasted 00:01:35 (658 turns).

sircluck the Cleaver (Hill Orc Berserker)            Turns: 658, Time: 00:01:35

Health: -17/73     AC:  2    Str: 22    XL:     7   Next: 7%
Magic:  7/7        EV: 13    Int:  7    God:    Trog [**....]
Gold:   162        SH:  0    Dex: 10    Spells: 6/6 levels left

rFire   . . .        a - +0 hand axe
rCold   . . .        (no shield)
rNeg    . . .        b - +0 animal skin
rPois   .            (no helmet)
rElec   .            (no cloak)
rCorr   .            (no gloves)
SInv    .            (no boots)
Will    .....        (no amulet)
Stlth   +            (no ring)
HPRegen 0.32/turn    (no ring)
MPRegen 0.10/turn

%: no teleportation
@: no status effects
A: no striking features
a: Renounce Religion, Berserk, Trog's Hand


You were in the Dungeon.
You worshipped Trog.
Trog was pleased with you.
You visited 1 branch You collected 162 gold pieces.

Inventory:

Hand Weapons
 a - a +0 hand axe (weapon)
Armour
 b - a +0 animal skin (worn)
Wands
 i - a wand of flame (16)
Potions
 c - a potion of curing
 d - a potion of heal wounds
 e - a potion of haste
 f - 2 potions of magic
 g - a potion of berserk rage


   Skills:
 + Level 10.8 Fighting
 + Level 12.8 Axes
 + Level 5.3 Armour
 + Level 5.0 Dodging


You had 6 spell levels left.
You didn't know any spells.
Your spell library was empty.

Dungeon Overview and Level Annotations

Branches:
Dungeon (1/1)

Altars:
Makhleb
Sif Muna
Vehumet
Wu Jian
Xom
Jiyva
Lugonu


Message History

You recover from your berserk rage.
You start resting.
HP restored.
You open the door. 2 centaur warriors come into view.
The centaur warrior shouts!
You hear a shout!
The centaur warrior wields a +0 shortbow.
The centaur warrior shoots an arrow.
The arrow completely misses you.
Found a diamond ring and a potion of heal wounds.
Aiming: Throw Flame
Press: ? - help, Q - select action, (/) - cycle Shift-Dir - straight line, f - centaur warrior
Aim: a centaur warrior, wielding a +0 shortbow (77% to hit)
Unknown command.
You close the door.
A centaur warrior opens the door.
You see here a +0 war axe.
You see here a book of the Tundra.
The centaur warrior wields a +0 shortbow.
The centaur warrior shoots an arrow.
The arrow hits you!
There is an open door, spattered with blood here.
The centaur warrior shoots an arrow.
The arrow hits you!
Which direction?
You close the door.
A centaur warrior opens the door.
There is an open door here.
The centaur warrior shoots an arrow.
The arrow hits you!
You close the door.
A centaur warrior opens the door.
The centaur warrior shoots an arrow.
The arrow hits you!
The centaur warrior unwields a +0 shortbow.
The centaur warrior hits you!
* * * LOW HITPOINT WARNING * * *
The centaur warrior kicks you.
* * * LOW HITPOINT WARNING * * *
There is an open door, spattered with blood here.
Blink to where?
Press: ? - help, Q - select action, (/) - cycle Dir - move target, p - centaur warrior
As you read the scroll of blinking, it crumbles to dust.
The centaur warrior wields a +0 shortbow.
The centaur warrior shoots an arrow.
The arrow hits you!!
You die...

###################
#<.#..)..#..'cc#__#
#..').#..'@.#..'..+
#..#####'#####'#__#
# #..# #..#
#c####=!# #..# ####
##)#§~~cc# #..#
#_.c§c~..+ #⌠⌠#
+..._#§§~.c# ####
#_.#+##+#### ##+


You could see 2 centaur warriors.

Vanquished Creatures
  A slime creature (D)
  Sigmund (D)
  An ogre (D)
  A jelly (D)
  Ijyb (D)
5 creatures vanquished.

Notes
Turn   | Place    | Note
-------+----------+-------------------------------------------
     0 | D        | sircluck the Hill Orc Berserker began the quest for the
                  | Orb.
     0 | D        | Reached XP level 1. HP: 19/19 MP: 1/1
     1 | D        | Noticed Ijyb
    14 | D        | Killed Ijyb
    15 | D        | Reached skill level 5 in Fighting
    15 | D        | Reached skill level 6 in Axes
    15 | D        | Reached XP level 2. HP: 4/29 MP: 2/2
    15 | D        | Reached XP level 3. HP: 5/36 MP: 3/3
   235 | D        | Noticed an ogre
   242 | D        | Killed an ogre
   243 | D        | Reached skill level 8 in Axes
   243 | D        | Reached XP level 4. HP: 47/47 MP: 4/4
   292 | D        | Noticed Sigmund
   310 | D        | Killed Sigmund
   310 | D        | Reached ** piety under Trog
   311 | D        | Reached skill level 11 in Axes
   311 | D        | Reached XP level 5. HP: 22/57 MP: 5/5
   311 | D        | Reached XP level 6. HP: 24/64 MP: 6/6
   453 | D        | Found an ornate altar of the Wu Jian Council.
   453 | D        | Found a shimmering blue altar of Sif Muna.
   454 | D        | Found a burning altar of Makhleb.
   454 | D        | Found a viscous altar of Jiyva.
   454 | D        | Found a shimmering altar of Xom.
   454 | D        | Found a corrupted altar of Lugonu.
   454 | D        | Noticed a slime creature
   463 | D        | Killed a slime creature
   464 | D        | Reached skill level 10 in Fighting
   464 | D        | Reached skill level 12 in Axes
   464 | D        | Reached skill level 5 in Armour
   465 | D        | Found a radiant altar of Vehumet.
   472 | D        | Reached skill level 5 in Dodging
   472 | D        | Reached XP level 7. HP: 14/73 MP: 7/7
   645 | D        | Noticed a centaur warrior
   645 | D        | Noticed a centaur warrior
   658 | D        | Shot with an arrow by a centaur warrior

Illustrated notes

Levels and vault maps discovered:
D:        dungeon_sprint_1 [red_sonja_temple_1, red_sonja_temple_small_1]

Skill      XL: |  1  2  3  4  5  6 |
---------------+-------------------+-----
Fighting       | 5 7 9 10 | 10.8
Axes           | 6 8 11 12 | 12.8
Dodging        | 2 3 4 5 |  5.0
Armour         | 3 4 5 |  5.3

Action                     |  1- 3 |  4- 6 |  7- 9 || total
---------------------------+-------+-------+-------++-------
  Melee: Hand axe          |    17 |    25 |       ||    42
         Punch             |       |     1 |       ||     1
 Invoke: Berserk           |     2 |     1 |       ||     3
  Evoke: Wand              |       |     1 |     1 ||     2
    Use: Scroll            |       |       |     1 ||     1
 Armour: Animal skin       |     1 |       |       ||     1
  Dodge: Dodged            |     5 |     5 |     1 ||    11

Table legend: (Time is in decaauts)
 A = Elapsed time spent in this place.
 B = Non-inter-level travel time spent in this place.
 C = Inter-level travel time spent in this place.
 D = Time resting spent in this place.
 E = Time spent auto-exploring this place.
 F = Levels seen in this place.
 G = Mean time per level.
                   A        B        C        D        E       F      G
               +--------+--------+--------+--------+--------+-----+--------+
         Total |    675 |    675 |      0 |    583 |     27 |   1 |  675.0 |
       Dungeon |    675 |    675 |      0 |    583 |     27 |   1 |  675.0 |
               +--------+--------+--------+--------+--------+-----+--------+

Top non-repeatable levels by time:
       D: 675 daAuts
